 Dungeon Crawl Stone Soup version 0.31-a0-1009-g454b1f1e0a (webtiles) character file.

Game seed: 10877054316550080409

455 MackTheKnife the Magician (level 6, -5/44 HPs)
             Began as a Mummy Conjurer on Nov 13, 2023.
             Splashed by a jelly's acid (10 damage)
             ... on level 4 of the Dungeon.
             The game lasted 00:10:50 (6060 turns).

MackTheKnife the Magician (Mummy Conjurer)          Turns: 6060, Time: 00:10:50

Health: -5/44      AC: -1    Str: 10    XL:     6   Next: 76%
Magic:  3/15       EV: 12    Int: 18    God:
Gold:   215        SH:  0    Dex: 12    Spells: 11/17 levels left

rFire   x . .        q - +5 short sword (elec) {short}
rCold   + . .        (no shield)
rNeg    + + +        a - +0 robe
rPois   ∞            r - +0 helmet
rElec   .            (no cloak)
rCorr   .            (no gloves)
SInv    +            (no boots)
Will    +....        (no amulet)
Stlth   ++           d - ring of see invisible
HPRegen 0.27/turn    k - ring of willpower
MPRegen 0.14/turn

%: faith
@: about to teleport, corroded, very slightly contaminated
A: cold resistance 1, negative energy resistance 3, torment resistance 2, heat
vulnerability 1, in touch with death 1, no potions, faith
a: no special abilities


You were on level 4 of the Dungeon.
You visited 1 branch of the dungeon, and saw 5 of its levels.
You also visited: Sewer.

You collected 215 gold pieces.


Innate Abilities, Weirdness & Mutations

You are immune to poison.
Your flesh is cold resistant. (rC+)
You are immune to negative energy. (rN+++)
You are immune to unholy pain and torment.
You are vulnerable to heat. (rF-)
You are in touch with the powers of death.
You do not drink.
You have a special connection with the divine. (Faith)


   Skills:
 - Level 2.0 Fighting
 - Level 1.5 Dodging
 - Level 2.0 Stealth
 + Level 6.1 Spellcasting
 - Level 3.4 Conjurations
 + Level 3.4 Summonings


You had 11 spell levels left.
You knew the following spells:

 Your Spells              Type           Power      Damage    Failure   Level
a - Magic Dart            Conj           72%        1d6       2%          1
b - Searing Ray           Conj           36%        2d5       4%          2
c - Call Canine Familiar  Summ           17%        N/A       9%          3

Your spell library contained the following spells:

 Spells                   Type           Power      Damage    Failure   Level
 Dazzling Flash           Conj/Hex       22%        N/A       17%         3
 Ensorcelled Hibernation  Hex/Ice        10%        N/A       19%         2
 Lesser Beckoning         Tloc           10%        N/A       19%         2
 Passwall                 Tmut/Erth      4%         N/A       19%         2
 Gell's Gravitas          Tloc           5%         N/A       34%         3
 Swiftness                Air            5%         N/A       34%         3
 Teleport Other           Tloc           5%         N/A       34%         3
 Fulminant Prism          Conj/Hex       5%         3d6       50%         4
 Iskenderun's Mystic Bla  Conj/Tloc      11%        2d4       50%         4
 Olgreb's Toxic Radiance  Pois           5%         N/A       75%         4

Inventory:

Hand Weapons
 q - a +5 short sword of electrocution (weapon) {short}
   (You took it off Robin on level 4 of the Dungeon)
Armour
 a - a +0 robe (worn)
 c - a +0 leather armour
   (You found it on level 1 of the Dungeon)
 r - a +0 helmet (worn)
   (You took it off Robin on level 4 of the Dungeon)
Magical Staves
 l - a staff of death {!astaff}
   (You found it on level 2 of the Dungeon)
Jewellery
 d - a ring of see invisible (left hand)
   (You found it on level 1 of the Dungeon)
 k - a ring of willpower (right hand)
   (You found it on level 2 of the Dungeon)
Scrolls
 e - a scroll of vulnerability {!r!r}
 f - 3 scrolls of immolation {!r!r}
 g - a scroll of amnesia
 i - a scroll of revelation {unknown}
 j - a scroll of noise {unknown}
 m - a scroll of brand weapon {unknown}
 n - a scroll of teleportation {@r4}
 o - 3 scrolls of torment

Dungeon Overview and Level Annotations

Branches:
Dungeon (5/15) Zot: 24338   Sewer (visited)
 Temple: D:4-7

Altars:

Shops:
D:2 ((

Annotations:
D:4 exclusion: ogre

#......[.......# #####
#.############.# #....
#.#..........#.# #.###
#.#.########.#.# #.#
#.#....#..(#.#.# #.#
#.#..#.#.#.#.#.############.###
#.#..#.#.#...#...............).
#.#..#.#.#...#..#########......
#.#.)#.#......@Jh..)#####......
#.#.<...................#.[....
#.#.#..#######.#####..#.###'##.
#.#............# ##.#.###.##.
#.############### #.)..##.###
#........(......# ###.......#
###############.# #)###.#.. #.#
#.# #.##. #.# #####'###.##.


You could see a jelly (ally target) and a friendly hound (summoned, corroded).


Message History

Unknown command.
Your hound bites the centaur.
The centaur unwields a +0 shortbow.
The centaur hits you. The centaur completely misses you.
Your hound bites the centaur. 😕 HP[-2]
You take 2 damage, and now have 42/44 hp.
Unknown command.
You completely miss the centaur. The centaur hits you.
The centaur barely misses you.
Your hound completely misses the centaur.
The centaur hits you but does no damage.
The centaur kicks you but does no damage. 😕 HP[-1]
You take 1 damage, and now have 41/44 hp.
You hit the centaur.
Your hound bites the centaur.
The centaur dies!
Your Spellcasting skill increases to level 6!
Casting: Magic Dart (safe; 2% risk of failure)
Confirm with . or Enter, or press ? or * to list all spells.
Okay, then.
You hear a slurping noise.
The jelly eats the door!
A jelly is nearby! 😎 HP[+3] MP[+4]
Your hp is fully restored (44).
You regained 4 mp, and now have 7/15 mp.
You swap places.
Your hound disappears in a puff of smoke!
A hound comes into view.
There is a stone staircase leading up here.
The jelly hits you. The acid corrodes you!
You are splashed with acid!
You climb upwards.
Level annotation: exclusion: ogre
There is a stone staircase leading down here. 😕 HP[-10] MP[+1]
You take 10 damage, and now have 34/44 hp.
MASSIVE DAMAGE!! (PAUSE)
Casting: Magic Dart (safe; 2% risk of failure)
Confirm with . or Enter, or press ? or * to list all spells.
You miscast Call Canine Familiar.
You are very lightly contaminated with residual magic.
Nothing appears to happen.
The jelly hits you.
You are splashed with acid. 😮 HP[-7] MP[-3]
You take 7 damage, and now have 27/44 hp.
You lost 3 mp, and now have 5/15 mp.
Casting: Call Canine Familiar (dangerous; 9% risk of failure)
Confirm with . or Enter, or press ? or * to list all spells.
The jelly hits you.
You are splashed with acid!
* * * LOW HITPOINT WARNING * * *
😨 HP[-12] MP[-3]
You take 12 damage, and now have 15/44 hp.
MASSIVE DAMAGE!! (PAUSE)
You lost 3 mp, and now have 2/15 mp.
Your hound bites the jelly.
Your hound is burned by acid!
The jelly attacks as it pursues you! The jelly closely misses you.
Unknown command.
You aren't carrying any items that you can evoke.
Unknown command.
As you read the scroll of fear, it crumbles to dust.
You assume a fearsome visage.
The jelly looks frightened!
The jelly barely misses your hound.
Your hound bites the jelly.
The acid corrodes your hound!
Your hound is burned by acid!
Your hound's attack snaps the jelly out of its fear.
Unknown command.
Unknown command.
Unknown command.
You can't drink.
Okay, then.
Unknown command.
You can't drink.
Unknown command.
Your hound bites the jelly.
Your hound is burned by acid!
The jelly closely misses you.
You start removing your armour.
You continue taking off your +0 helmet.
Your hound bites the jelly.
Your hound is burned by acid!
The jelly barely misses you.
Your hound bites the jelly.
Your hound is burned by acid!
You continue taking off your +0 helmet.
Your hound bites the jelly.
Your hound is burned by acid!
The jelly hits you.
You stop removing your armour.
* * * LOW HITPOINT WARNING * * *
You are splashed with acid!
* * * LOW HITPOINT WARNING * * *
😱 HP[-9] MP[+1]
You take 9 damage, and now have 6/44 hp.
MASSIVE DAMAGE!! (PAUSE) Unknown command.
As you read the scroll of teleportation {@r4}, it crumbles to dust.
You feel strangely unstable.
Your hound bites the jelly.
Your hound is burned by acid!
The jelly hits you.
* * * LOW HITPOINT WARNING * * *
You are splashed with acid!
You die...

Skill      XL: |  1  2  3  4  5  6 |
---------------+-------------------+-----
Fighting       | 1 2 |  2.0
Stealth        | 2 |  2.0
Spellcasting   | 3 4 5 6 |  6.1
Summonings     | 1 2 3 |  3.4
Dodging        | |  1.5
Conjurations   | |  3.4

Action                     |  1- 3 |  4- 6 || total
---------------------------+-------+-------++-------
  Melee: Long sword        |       |    25 ||    25
         Short sword       |       |     9 ||     9
   Cast: Magic Dart        |    73 |   127 ||   200
         Searing Ray       |     2 |     9 ||    11
         Call Canine Famil |       |     6 ||     6
    Use: Scroll            |     4 |     5 ||     9
   Stab: Sleeping          |       |     2 ||     2
 Armour: Robe              |     2 |    42 ||    44
  Dodge: Dodged            |     6 |    42 ||    48

Levels and vault maps discovered:
D:1:      dpeg_arrival_castle, layout_basic, basic_ecumenical_altar,
          serial_forest, infiniplex_forest_end_2, infiniplex_forest_zigzag_1,
          infiniplex_forest_clump_tiny, infiniplex_forest_straight_5,
          infiniplex_forest_lined_3, infiniplex_forest_clump_tiny,
          infiniplex_forest_pool, infiniplex_forest_straight_5
D:2:      layout_basic, serial_shops, nicolae_shop_peninsula, shop
D:3:      layout_loops_ring, st_stairs_12
D:4:      layout_basic, portal_sewer_entry_a, nicolae_figureground_sparkle,
          uniq_robin
D:5:      layout_basic, chequers_arboretum, skrybe_limestone_x, uniq_ijyb,
          uniq_edmund

Notes
Turn   | Place    | Note
-------+----------+-------------------------------------------
     0 | D:1      | MackTheKnife the Mummy Conjurer began the quest for the
                  | Orb.
     0 | D:1      | Reached XP level 1. HP: 13/13 MP: 4/4
     0 | D:1      | magus.rc [v1.9.6]
    67 | D:1      | Found a faded altar of an unknown god.
   142 | D:1      | Reached skill level 1 in Fighting
   159 | D:1      | Reached skill level 2 in Stealth
   279 | D:1      | Reached XP level 2. HP: 21/21 MP: 3/5
   313 | D:1      | Learned a level 2 spell: Searing Ray
   777 | D:1      | Reached skill level 2 in Fighting
  1462 | D:2      | Identified the "Hutaypse"
  1618 | D:2      | Reached XP level 3. HP: 27/27 MP: 4/7
  1662 | D:2      | You add the spells Call Canine Familiar and Olgreb's Toxic
                  | Radiance to your library.
  1702 | D:2      | Reached skill level 3 in Spellcasting
  1859 | D:2      | Found Asaosite's Weapon Shop.
  1898 | D:2      | Found Funut's Weapon Shoppe.
  2182 | D:2      | Learned a level 3 spell: Call Canine Familiar
  2906 | D:3      | Reached skill level 1 in Summonings
  2906 | D:3      | Reached XP level 4. HP: 33/33 MP: 0/9
  3116 | D:3      | Reached skill level 4 in Spellcasting
  3805 | D:4      | Reached XP level 5. HP: 38/38 MP: 6/11
  4026 | D:4      | Noticed an ogre
  4168 | D:4      | Reached skill level 2 in Summonings
  4246 | D:4      | Noticed Robin
  4324 | D:4      | You pick up a book of Displacement and begin reading...
  4324 | D:4      | You add the spells Lesser Beckoning, Gell's Gravitas and
                  | Teleport Other to your library.
  4360 | D:4      | Found a glowing drain.
  4384 | Sewer    | Entered a sewer
  4660 | Sewer    | Reached skill level 5 in Spellcasting
  4973 | D:4      | Killed Robin
  4974 | D:4      | Reached XP level 6. HP: 31/44 MP: 3/13
  5482 | D:5      | Entered Level 5 of the Dungeon
  5642 | D:5      | You pick up a book of Burglary and begin reading...
  5642 | D:5      | You add the spells Passwall, Ensorcelled Hibernation and
                  | Swiftness to your library.
  5674 | D:5      | Reached skill level 3 in Summonings
  6021 | D:5      | Reached skill level 6 in Spellcasting
  6059 | D:4      | HP: 6/44 [acid (8)]
  6060 | D:4      | Splashed by a jelly's acid

Vanquished Creatures
  A kobold brigand (Sewer)
  An iguana (D:5)
  Robin (D:4)
  6 gnolls
  A river rat (D:4)
  7 adders
  2 ufetubi (D:5)
  A worm (D:4)
  2 dart slugs
  5 orcs
  4 endoplasms
  4 giant cockroaches
  17 goblins
  7 hobgoblins
  4 jackals
  2 quokkas
  7 ball pythons
  7 bats
  2 frilled lizards
  8 kobolds
  7 rats
96 creatures vanquished.

Vanquished Creatures (collateral kills)
  A centaur (D:5)
  3 gnolls (D:5)
  A goblin (D:4)
5 creatures vanquished.

Grand Total: 101 creatures vanquished

Table legend:
 A = Non-vault XP
 B = Vault XP
 C = Vault XP percentage of total XP
 D = Non-vault monster count
 E = Vault monster count
 F = Vault count percentage of total count
                 A         B        C        D         E       F
            +---------+---------+-------+---------+---------+-------
      Total |     479 |     172 |  26.4 |      79 |      22 |  21.8
            +---------+---------+-------+---------+---------+-------
        D:1 |      36 |       0 |   0.0 |      23 |       0 |   0.0
        D:2 |      43 |       0 |   0.0 |      18 |       0 |   0.0
        D:3 |      93 |      13 |  12.3 |      12 |       1 |   7.7
        D:4 |      70 |      50 |  41.7 |      15 |      13 |  46.4
        D:5 |     237 |       0 |   0.0 |      11 |       0 |   0.0
      Sewer |       0 |     109 | 100.0 |       0 |       8 | 100.0
            +---------+---------+-------+---------+---------+-------

Skill      XL: |  1  2  3  4  5  6 |
---------------+-------------------+-----
Fighting       | 1 2 |  2.0
Stealth        | 2 |  2.0
Spellcasting   | 3 4 5 6 |  6.1
Summonings     | 1 2 3 |  3.4
Dodging        | |  1.5
Conjurations   | |  3.4

Action                     |  1- 3 |  4- 6 || total
---------------------------+-------+-------++-------
  Melee: Long sword        |       |    25 ||    25
         Short sword       |       |     9 ||     9
   Cast: Magic Dart        |    73 |   127 ||   200
         Searing Ray       |     2 |     9 ||    11
         Call Canine Famil |       |     6 ||     6
    Use: Scroll            |     4 |     5 ||     9
   Stab: Sleeping          |       |     2 ||     2
 Armour: Robe              |     2 |    42 ||    44
  Dodge: Dodged            |     6 |    42 ||    48

Illustrated notes

Table legend:
 A = Kills in this place as a percentage of kills in the entire game.
 B = Kills by you in this place as a percentage of kills by you in the entire game.
 C = Kills by friends in this place as a percentage of kills by friends in the entire game.
 D = Other kills in this place as a percentage of other kills in the entire game.
 E = Experience gained in this place as a percentage of experience gained in the entire game.
 F = Experience gained in this place divided by the number of levels of this place that you have seen.
                   A       B       C       D       E      F
               +-------+-------+-------+-------+-------+----------------------
         Total | 100.0 | 100.0 | 100.0 |   N/A | 100.0 | 108.5
       Dungeon |  92.1 |  91.7 | 100.0 |   N/A |  83.3 | 108.4
         Sewer |   7.9 |   8.3 |   0.0 |   N/A |  16.7 | 109.0
               +-------+-------+-------+-------+-------+----------------------

Table legend: (Time is in decaauts)
 A = Elapsed time spent in this place.
 B = Non-inter-level travel time spent in this place.
 C = Inter-level travel time spent in this place.
 D = Time resting spent in this place.
 E = Time spent auto-exploring this place.
 F = Levels seen in this place.
 G = Mean time per level.
                   A        B        C        D        E       F      G
               +--------+--------+--------+--------+--------+-----+--------+
         Total |   6114 |   5839 |    275 |   1023 |   3777 |   6 | 1019.0 |
       Dungeon |   5660 |   5385 |    275 |    796 |   3632 |   5 | 1132.0 |
         Sewer |    453 |    453 |      0 |    227 |    144 |   1 |  453.0 |
               +--------+--------+--------+--------+--------+-----+--------+

Top non-repeatable levels by time:
     D:2: 1520 daAuts
     D:1: 1468 daAuts
     D:4: 1449 daAuts
     D:3: 810 daAuts
   Sewer: 453 daAuts
     D:5: 411 daAuts
